 Dungeon Crawl Stone Soup version 0.31-a0-232-gb1c03b2570 (webtiles) character file.

Game seed: 1206223363120646102

409 qw the Shooter (level 6, 0/38 HPs)
             Began as a Gargoyle Hexslinger on July 7, 2023.
             Slain by an orc wizard
             ... wielding a +0 dagger
              (3 damage)
             ... on level 4 of the Dungeon.
             The game lasted 00:01:17 (2648 turns).

qw the Shooter (Gargoyle Hexslinger)                Turns: 2648, Time: 00:01:17

Health: 0/38       AC: 13    Str: 12    XL:     6   Next: 89%
Magic:  7/7        EV: 10    Int: 13    God:
Gold:   154        SH:  0    Dex: 14    Spells: 6/7 levels left

rFire   . . .        Y - +1 sling
rCold   . . .        (no shield)
rNeg    + . .        h - +0 ring mail
rPois   inf          j - +0 helmet
rElec   +            k - +2 cloak {rPois}
rCorr   .            (no gloves)
SInv    .            (no boots)
Will    .....        (no amulet) Stlth
                     (no ring)
HPRegen 0.26/turn    (no ring)
MPRegen 0.10/turn

%: no passive effects
@: confused
A: sickness immunity, AC +4, negative energy resistance 1, electricity
resistance, torment resistance 1, petrification resistance
a: no special abilities


You were on level 4 of the Dungeon.
You visited 1 branch of the dungeon, and saw 4 of its levels.

You collected 154 gold pieces.


Innate Abilities, Weirdness & Mutations

You are immune to sickness and miasma.
Your stone body is resilient. (AC +4)
You are immune to poison.
You resist negative energy. (rN+)
You are resistant to electric shocks. (rElec)
You are resistant to unholy torment.
You are immune to petrification.


   Skills:
 + Level 3.7 Fighting
 - Level 6.1 Ranged Weapons
 - Level 1.0 Armour
 - Level 1.5 Dodging
 - Level 1.0 Spellcasting
 - Level 2.6 Hexes


You had 6 spell levels left.
You knew the following spells:

 Your Spells              Type           Power      Damage    Failure   Level
a - Slow                  Hex            28%        N/A       22%         1

Your spell library contained the following spells:

 Spells                   Type           Power      Damage    Failure   Level
 Inner Flame              Hex/Fire       4%         N/A       73%         3
 Portal Projectile        Hex/Tloc       8%         N/A       73%         3
 Cause Fear               Hex            3%         N/A       91%         4

Inventory:

Hand Weapons
 Y - a +1 sling (weapon)
Armour
 h - a +0 ring mail (worn)
 j - a +0 helmet (worn)
 k - a +2 cloak of poison resistance (worn)
Scrolls
 c - 2 scrolls of identify
Potions
 a - a potion of resistance
 b - a potion of mutation {unknown}
 e - a potion of haste
 f - a potion of curing {unknown}
 g - a potion of brilliance {unknown}
 i - a potion of might {unknown}

Dungeon Overview and Level Annotations

Branches:
Dungeon (4/15)
 Temple: D:4-7

Altars:
Elyvilon
Ru


Message History

The puff of flame hits you! Something hits you but does no damage.
The orc wizard barely misses you.
You hear some strange, mumbled words.
A puff of flame appears from out of thin air!
The puff of flame hits you but does no damage.
The orc wizard points at you and mumbles some strange words.
The puff of flame hits you. Something hits you but does no damage.
The orc wizard completely misses you. Something hits you but does no damage.
The orc wizard gestures at you while chanting.
The magic dart hits you but does no damage.
Something hits you but does no damage. The orc wizard casts a spell at you.
The puff of flame misses you.
The puff of flame hits the orc wizard!
The orc wizard dies!
Something hits you but does no damage. The orc wizard casts a spell at you.
The magic dart hits something.
You hear some strange, mumbled words.
A magic dart appears from out of thin air!
The magic dart hits you.
The orc wizard hits you but does no damage.
The orc wizard points at you and mumbles some strange words.
You hear some strange, mumbled words.
A puff of flame appears from out of thin air!
The puff of flame hits you! Something hits you but does no damage.
The orc wizard misses you. Something hits you.
The orc wizard closely misses you. Something hits you but does no damage.
Something hits you but does no damage.
The orc wizard points at you and mumbles some strange words.
You are more confused.
The orc wizard hits you but does no damage.
Something hits you.
The orc wizard gestures at you while chanting.
The puff of flame hits you but does no damage.
The orc wizard barely misses you. Something hits you but does no damage.
The orc wizard misses you.
The orc wizard hits you with a +0 dagger.
You die...

########## #.##.....##
####.........# #
#....%#......# #.
#.....######.# #.
#o{...# #.#
##.##@o...# #.#
#....)##.#######.##
#...............>.###
#......###o..###....##
#......#o+... #.##...
#...?###.# #. #.####.
#....#..:..# #.# #.
##.#.###.### ... ##
...... .#.. ... #


You could see 2 orc wizards.

Vanquished Creatures
  Sigmund (D:3)
  A phantom (D:4)
  A hound (D:4)
  Jessica (D:3)
  5 adders
  A worm (D:3)
  5 dart slugs
  An orc (D:4)
  4 endoplasms
  6 giant cockroaches
  4 goblins
  5 hobgoblins
  9 kobolds
  2 quokkas
  9 ball pythons
  4 bats (D:1)
  2 frilled lizards (D:1)
  9 rats
70 creatures vanquished.

Vanquished Creatures (others)
  An orc wizard (D:4)
1 creature vanquished.

Grand Total: 71 creatures vanquished

Notes
Turn   | Place    | Note
-------+----------+-------------------------------------------
     0 | D:1      | qw the Gargoyle Hexslinger began the quest for the Orb.
     0 | D:1      | Reached XP level 1. HP: 12/12 MP: 2/2
     0 | D:1      | 0 ||| qw: Version: 0.3-a-46-gb1f654a
     0 | D:1      | 0 ||| qw: Game counter: 2450
     0 | D:1      | 0 ||| qw: Melee chars always use a shield: true
     0 | D:1      | 0 ||| qw: God list: Okawaru
     0 | D:1      | 0 ||| qw: Allow faded altars: false
     0 | D:1      | 0 ||| qw: Do Orc after clearing Dungeon:15 true
     0 | D:1      | 0 ||| qw: Do second Lair branch before Depths: true
     0 | D:1      | 0 ||| qw: Lair rune preference: random
     0 | D:1      | 0 ||| qw: Goals: Normal
     0 | D:1      | 0 ||| PLANNING D:1-11
     1 | D:1      | Noticed an electric eel
     9 | D:1      | 9 ||| DROPPING scroll of poison.
   118 | D:1      | Reached XP level 2. HP: 11/16 MP: 3/3
   258 | D:1      | Reached skill level 3 in Ranged Weapons
   408 | D:1      | Reached XP level 3. HP: 21/21 MP: 4/4
   644 | D:1      | 644 ||| UPGRADING to +0 ring mail.
   654 | D:1      | 654 ||| DROPPING +0 robe.
   655 | D:1      | 655 ||| READING scroll labelled IPLUBO PAID.
   656 | D:1      | 656 ||| READING scroll labelled ZAGERE SEUNWA.
   657 | D:1      | 657 ||| READING scroll labelled COCEYCR OTOLAMARR.
   704 | D:2      | You fall into a shaft and drop 2 floors!
   776 | D:4      | 776 ||| READING 2 scrolls labelled SIAGOSOPN.
   791 | D:3      | Noticed Jessica
   796 | D:3      | Killed Jessica
   797 | D:3      | Reached XP level 4. HP: 26/26 MP: 5/5
   831 | D:2      | Found a sacrificial altar of Ru.
   868 | D:2      | Reached skill level 4 in Ranged Weapons
  1254 | D:2      | Reached skill level 1 in Armour
  1466 | D:2      | 1466 ||| UPGRADING to +0 helmet.
  1471 | D:2      | 1471 ||| DRINKING 3 blue potions.
  1472 | D:2      | 1472 ||| READING 4 scrolls of identify.
  1472 | D:2      | 1472 ||| IDENTIFYING lumpy puce potion
  1473 | D:2      | 1473 ||| READING 3 scrolls of identify.
  1473 | D:2      | 1473 ||| IDENTIFYING metallic sapphire potion
  1474 | D:2      | 1474 ||| READING 2 scrolls of identify.
  1474 | D:2      | 1474 ||| IDENTIFYING bubbling inky potion
  1475 | D:2      | 1475 ||| DROPPING potion of ambrosia.
  1502 | D:3      | 1502 ||| STAIRDANCE
  1563 | D:3      | Reached XP level 5. HP: 30/30 MP: 6/6
  1571 | D:3      | Found a white marble altar of Elyvilon.
  1780 | D:3      | Noticed Sigmund
  1808 | D:3      | HP: 4/30 [something (9)]
  1809 | D:3      | Killed Sigmund
  1810 | D:3      | Reached skill level 6 in Ranged Weapons
  1810 | D:3      | Reached XP level 6. HP: 5/35 MP: 7/7
  1940 | D:3      | Identified the +0 helmet of Reason {Rampage}
  2126 | D:3      | 2126 ||| DROPPING +0 helmet of Reason {Rampage}.
  2127 | D:3      | 2127 ||| READING 2 scrolls labelled ITUURU ZUSUAQUM.
  2128 | D:3      | 2128 ||| READING scroll labelled UMIENK SIOVOKH.
  2129 | D:3      | 2129 ||| READING scroll labelled MUUSCH QOINO.
  2230 | D:3      | 2230 ||| READING 2 scrolls labelled SOTIP KATAUNT.
  2231 | D:3      | 2231 ||| DROPPING scroll of fear.
  2232 | D:3      | 2232 ||| DROPPING scroll of amnesia.
  2595 | D:4      | 2595 ||| UPGRADING to +2 cloak of poison resistance.
  2611 | D:4      | Reached skill level 3 in Fighting
  2611 | D:4      | 2611 ||| Stepping ~*~*~tactically~*~*~ (outnumbered).
  2624 | D:4      | HP: 8/38 [orc wizard/puff of flame (4)]
  2625 | D:4      | 2625 ||| DRINKING 2 potions of heal wounds.
  2638 | D:4      | HP: 6/38 [something (6)]
  2639 | D:4      | 2639 ||| DRINKING potion of heal wounds.
  2643 | D:4      | HP: 9/38 [something/puff of flame (10)]
  2646 | D:4      | HP: 2/38 [something (4)]
  2648 | D:4      | Slain by an orc wizard

Levels and vault maps discovered:
D:1:      arrival_aquarium_a, layout_loops_ring
D:2:      minmay_angry_zag, layout_loops_ring, basic_altar
D:3:      layout_rooms, elyvilon_altar_3, uniq_jessica, uniq_sigmund
D:4:      layout_basic, nicolae_overflow_crystal_walls,
          minmay_a_box_with_orc_wizards_in_it

Skill      XL: |  1  2  3  4  5  6 |
---------------+-------------------+-----
Ranged Weapons | 3 4 6 |  6.1
Fighting       | 2 3 |  3.7
Armour         | 1 |  1.0
Dodging        | |  1.5
Spellcasting   | |  1.0
Hexes          | |  2.6

Action                     |  1- 3 |  4- 6 || total
---------------------------+-------+-------++-------
   Fire: Sling             |    90 |   204 ||   294
    Use: Scroll            |     4 |     7 ||    11
         Potion            |       |     3 ||     3
 Armour: Robe              |    14 |       ||    14
         Ring mail         |     4 |   147 ||   151
  Dodge: Dodged            |    15 |   104 ||   119

Table legend:
 A = Non-vault XP
 B = Vault XP
 C = Vault XP percentage of total XP
 D = Non-vault monster count
 E = Vault monster count
 F = Vault count percentage of total count
                 A         B        C        D         E       F
            +---------+---------+-------+---------+---------+-------
      Total |     301 |     284 |  48.5 |      63 |       7 |  10.0
            +---------+---------+-------+---------+---------+-------
        D:1 |      37 |       0 |   0.0 |      23 |       0 |   0.0
        D:2 |      53 |      21 |  28.4 |      16 |       5 |  23.8
        D:3 |      44 |     263 |  85.7 |      16 |       2 |  11.1
        D:4 |     167 |       0 |   0.0 |       8 |       0 |   0.0
            +---------+---------+-------+---------+---------+-------
